 Dungeon Crawl Stone Soup version 0.29-a0-214-g17f627cfee (webtiles) character file.

Game seed: 7650259850999513980

310522 spaghetti the Executioner (level 20, 0/214 (218) HPs)
             Began as a Deep Dwarf Fighter on Feb 25, 2022.
             Was the Champion of Ru.
             Killed from afar by a titan (32 damage)
             ... with a bolt of lightning
             ... on level 5 of the Vaults.
             The game lasted 02:13:09 (34590 turns).

spaghetti the Executioner (Deep Dwarf Fighter)     Turns: 34590, Time: 02:13:09

HP:   0/214 (218)   AC: 26    Str: 38    XL:     20   Next: 74%
MP:   11/11         EV: 10    Int: 12    God:    Ru [******]
Gold: 1922          SH:  0    Dex: 10    Spells: 13/19 levels left

rFire   + . .      SeeInvis +   U - +6 battleaxe (vamp) {axe}
rCold   . . .      Faith    .   (shield currently unavailable)
rNeg    + . .      Spirit   .   Z - +1 scale mail of the Earth {Str+4 Dex-4 Stlth+}
rPois   .          Reflect  .   Q - +0 helmet "Qobetorgh" {rF+ Int+2 SInv}
rElec   .          Harm     .   t - +2 cloak {rCorr}
rCorr   +          Rampage  .   W - +2 pair of gloves
Will    +++..                   K - +2 pair of boots
Stlth   +.........              E - amulet "Afoced" {RegenMP Str+4}
HPRegen 0.00/turn               i - +6 ring of strength
MPRegen 0.52/turn               j - +4 ring of slaying

@: lethally poisoned (0 -> 0), exhausted, overwhelmed with horror, lightly
drained
A: damage resistance, heal wounds, negative energy resistance 1, sense
surroundings 3, inability to use devices, hated by all, cowardly, no air magic,
no hexes magic, no translocations magic, missing an eye, no regeneration, agile
1, dopey 1, weak 1, wild magic 1
}: 1/15 runes: serpentine
a: Heal Wounds, Renounce Religion, Draw Out Power, Power Leap, Apocalypse


You were on level 5 of the Vaults.
You worshipped Ru.
Ru was exalted by your worship.
You visited 7 branches of the dungeon, and saw 35 of its levels.

You collected 3397 gold pieces.
You spent 1475 gold pieces at shops.


Innate Abilities, Weirdness & Mutations

You are resistant to damage.
You can heal yourself by infusing magical energy.
You resist negative energy. (rN+)
You passively map a large area around you.
You cannot study or use magical devices.
You are hated by all.
Your cowardice makes you less effective in combat with threatening foes.
You cannot study or cast Air magic.
You cannot study or cast Hexes magic.
You cannot study or cast Translocations magic.
You are missing an eye, making it more difficult to aim.
You do not regenerate.
You are agile. (Dex +2)
You are dopey. (Int -2)
You are weak. (Str -2)
Your spells are a little harder to cast, but a little more powerful.


   Skills:
 - Level 22.0 Fighting
 - Level 24.0 Axes
 - Level 20.0 Armour
 - Level 3.2 Shields
 + Level 5.7 Transmutations
 + Level 8.3 Earth Magic


You had 13 spell levels left.
You knew the following spells:

 Your Spells              Type           Power      Damage    Failure   Level
a - Statue Form           Tmut/Erth      3%         N/A       99%         6

Your spell library contained the following spells:

 Spells                   Type           Power      Damage    Failure   Level
 Passwall                 Tmut/Erth      4%         N/A       7%          2
 Sting                    Tmut/Pois      8%         1d3       21%         1
 Spider Form              Tmut/Pois      2%         N/A       50%         3
 Freeze                   Ice            0%         1d3       52%         1
 Scorch                   Fire           0%         2d5       65%         2
 Blade Hands              Tmut           2%         N/A       83%         5
 Frozen Ramparts          Ice            0%         1d2       86%         3
 Flame Wave               Conj/Fire      0%         2d4       99%         4
 Hailstorm                Conj/Ice       0%         3d3       99%         4
 Irradiate                Conj/Tmut      1%         3d14      99%         5
 Iron Shot                Conj/Erth      1%         9d1       100%        6
 Dragon Form              Tmut           2%         N/A       100%        7
 Summon Small Mammal      Summ           Unusable   N/A       N/A         1
 Corpse Rot               Necr/Air       Unusable   N/A       N/A         2
 Poisonous Vapours        Pois/Air       Unusable   N/A       N/A         2
 Animate Armour           Summ/Erth      Unusable   N/A       N/A         4
 Call Canine Familiar     Summ           Unusable   N/A       N/A         3
 Summon Guardian Golem    Hex/Summ       Unusable   N/A       N/A         3
 Tukima's Dance           Hex            Unusable   N/A       N/A         3
 Airstrike                Air            Unusable   N/A       N/A         4
 Passage of Golubria      Tloc           Unusable   N/A       N/A         4
 Summon Lightning Spire   Summ/Air       Unusable   N/A       N/A         4
 Yara's Violent Unravell  Hex/Tmut       Unusable   3d3       N/A         5
 Lightning Bolt           Conj/Air       Unusable   1d11      N/A         5
 Summon Cactus Giant      Summ           Unusable   N/A       N/A         6

Inventory:

Hand Weapons
 a - the +10 executioner's axe of Lyuch {elec, rC++ Will- Dex+4, axerare=g}
   (You bought it in a shop on level 2 of the Orcish Mines)

   It occasionally discharges a powerful burst of electricity upon striking a
   foe.
   Dex:       It affects your dexterity (+4).
   rC:        It greatly protects you from cold.
   Will:      It decreases your willpower.
 b - the +5 shortbow "Jeddap" {flame, rF+ rCorr Stlth+, bow}
   (You found it on level 8 of the Dungeon)

   Any ammunition fired from it burns those it strikes, dealing additional fire
   damage.
   rF:        It protects you from fire.
   rCorr:     It protects you from acid and corrosion.
   Stlth:     It makes you more stealthy.
 x - a +5 executioner's axe of flaming {axerare=g}
   (You acquired it on level 4 of the Dungeon)
 U - a +6 vampiric battleaxe (weapon) {axe}
   (You took it off a death knight on level 1 of the Crypt)
Missiles
 h - 48 boomerangs (quivered) {throwing}
 G - 4 curare-tipped darts {=fthrowing}
 P - 6 throwing nets {=f!fthrowing}
Armour
 m - the +0 leather armour of Jalih {-Cast rF+++ Regen+ Int-4}
   (You found it on level 4 of the Vaults)

   Int:       It affects your intelligence (-4).
   rF:        It renders you almost immune to fire.
   -Cast:     It prevents spellcasting.
   Regen:     It increases your rate of health regeneration.
 t - a +2 cloak of preservation (worn)
   (You took it off Nikola on level 3 of the Vaults)
 K - a +2 pair of boots (worn)
   (You found it on level 9 of the Dungeon)
 Q - the +0 helmet "Qobetorgh" (worn) {rF+ Int+2 SInv}
   (You found it on level 6 of the Dungeon)

   Int:       It affects your intelligence (+2).
   rF:        It protects you from fire.
   SInv:      It lets you see invisible.
 S - quicksilver dragon scales {rare}
   (You found it on level 4 of the Snake Pit)
 W - a +2 pair of gloves (worn)
   (You found it on level 11 of the Dungeon)
 Z - the +1 scale mail of the Earth (worn) {Str+4 Dex-4 Stlth+}
   (You found it on level 2 of the Lair of Beasts)

   Str:       It affects your strength (+4).
   Dex:       It affects your dexterity (-4).
   Stlth:     It makes you more stealthy.
Jewellery
 i - a +6 ring of strength (left hand)
   (You found it on level 1 of the Dungeon)
 j - a +4 ring of slaying (right hand)
   (You took it off a goblin on level 4 of the Dungeon)
 E - the amulet "Afoced" (around neck) {RegenMP Str+4}
   (You found it on level 15 of the Dungeon)

   [amulet of magic regeneration]

   It increases your rate of magic regeneration.
   Str:       It affects your strength (+4).
 J - a ring of see invisible
   (You found it on level 9 of the Dungeon)
Scrolls
 e - 10 scrolls of identify {@r1}
 p - a scroll of fear
 v - 6 scrolls of immolation {!r!r}
 z - a scroll of fog
 D - 3 scrolls of summoning
 F - 4 scrolls of silence {!r}
 H - 6 scrolls of vulnerability {!r!r}
 I - 2 scrolls of teleportation {@r4}
 O - a scroll of torment {!r}
 R - 4 scrolls of magic mapping {!r}
 Y - 2 scrolls of enchant armour
Potions
 d - 6 potions of flight
 n - 5 potions of curing {@q1}
 s - a potion of magic
 u - 7 potions of attraction {!q}
 C - 3 potions of lignification {!q}
 V - 2 potions of brilliance

Dungeon Overview and Level Annotations

Branches:
Dungeon (15/15)            Temple (0/1) D:6            Lair (6/6) D:10
  Swamp (1/4) Lair:2        Snake (4/4) Lair:3        Slime (0/5) Lair:6
    Orc (2/2) D:12            Elf (0/3) Orc:2        Vaults (5/5) D:13
  Crypt (2/3) Vaults:2     Depths (0/4) D:15

Altars:
Fedhas
Hepliaklqana
Makhleb
Nemelex Xobeh
Okawaru
Ru
Sif Muna
Trog
Uskayaw
Vehumet
Xom
Yredelemnul
The Shining One
Beogh
Jiyva

Shops:
D:14 (   Orc:2 (:(!*   Snake:1 :=:   Snake:3 *   Snake:4 *   Vaults:4 (=:

Portals:
Pandemonium: Orc:2
Trove: D:13 (give +5 demon whip)

Annotations:
D:9 exclusions: electric eel, orc and orc wizard
D:14 Frances, Kirke
Lair:5 exclusion: 3 electric eels
Lair:6 exclusion: oklob plant
Snake:1 2 transporters, drugrobin's ghost, journeyman DgFi
Crypt:2 Mennas

* + * **, , , , , ,
#.., #### , * ,, * ,
#... #..##* , ,, , *
,#. , #....#.... ,, *
#.. #....#....,**, , '
'... #....#..## ** , ,
.'##.)..#...##### ** *
**#....).e........ , ,
######..5))).@#######*
** ,,
......5)[<<)).W...... ,
,,, ,
......332[C<)C.......,
, , ,
,......epp2HO.........
, ......Dee5))Ce.......
, ,
########5p.W.....######
** , ......e2DDe.......
, , .#.....L#upe...####
* * ,,##..1ue#.§u.#.# ,
, *


You could see 2 shadow dragons, an ironbound preserver (wandering, empowered), 2
titans, a dread lich (fast, empowered, invisible), a cyan very ugly thing
(fleeing), a fire dragon shaped shifter, a sphinx (empowered), a vault warden
(empowered), a lorocyproca (summoned, invisible), a reaper (summoned), a balrug
(summoned), an ettin (fleeing), a deep elf sorcerer (fast, empowered), an ogre
mage (empowered, invisible, blind), a deep elf demonologist (empowered), a vault
sentinel (empowered, fleeing, catching breath), 2 deep elf high priests, 2
phantasmal warriors, an ironbound convoker (empowered, fleeing), a deep elf
pyromancer (empowered), 2 deep elf zephyrmancers, 2 ynoxinuls and 4 ufetubi.


Message History

Okay, then.
Okay, then.
Your magical essence is drained by the effort!
You feel much better.
Your surroundings suddenly seem different.
An ogre mage, 3 giants, a shadow dragon, a sphinx, 2 phantasmal warriors, a deep elf zephyrmancer, 2 ugly things and 3 humans come into view.
A vault warden is wielding a +2 long sword of freezing.
The sphinx shouts!
The cyan very ugly thing gurgles horribly!
The titan seems less brilliant.
The ynoxinul begins to attack, but is stunned by your conviction!
The vault sentinel shoots a bolt.
The bolt hits you.
* * * LOW HITPOINT WARNING * * *
The titan is empowered by the deep elf high priest's aura!
You redirect the vault warden's attack!
The dread lich casts a spell.
You redirect the phantasmal warrior's attack!
The ynoxinul gestures.
The titan gestures at you while chanting.
The bolt of lightning hits the titan.
The titan completely resists.
The bolt of lightning hits you!!
* * * LOW HITPOINT WARNING * * *
You focus your inner power and illuminate the titan in retribution!
The ironbound convoker gestures at the ynoxinul while chanting.
The ynoxinul seems to grow stronger.
The ogre mage hits you from afar with a +0 spear.
* * * LOW HITPOINT WARNING * * *
You focus your inner power and blind the ogre mage in retribution!
You redirect the deep elf sorcerer's attack!
The deep elf zephyrmancer begins to cast a spell, but is stunned by your conviction!
You feel a genetic drift.
You feel less in control of your magic.
You no longer feel a hidden potential within.
Monsters!
Monsters everywhere!
You have to get out of here! 😨 HP[+5] MP[+1]
You regained 5 hp, and now have 56/214 hp.
Your mp is fully restored (11).
Okay, then.
Unknown command.
Okay, then.
As you read the scroll of fear, it crumbles to dust.
You assume a fearsome visage.
The radroach looks frightened!
The deep elf high priest resists with almost no effort.
The balrug resists with almost no effort.
The ynoxinul looks frightened!
The vault sentinel looks frightened!
The reaper looks frightened!
The ettin looks frightened!
The lorocyproca resists with almost no effort.
The ynoxinul looks frightened!
The ufetubus looks frightened!
The dread lich is unaffected.
The ufetubus looks frightened!
The phantasmal warrior is unaffected.
The ogre mage resists with almost no effort.
The titan resists with almost no effort. x2
The ironbound convoker looks frightened!
The shadow dragon looks frightened!
The sphinx resists with some effort.
The vault warden looks frightened!
The phantasmal warrior is unaffected.
The deep elf high priest looks frightened!
The deep elf zephyrmancer looks frightened! x3
The deep elf sorcerer easily resists.
The cyan very ugly thing looks frightened!
The cyan ugly thing looks frightened!
The vault warden looks frightened!
The radroach changes into a ghost moth!
The deep elf high priest is no longer giving off an aura.
The deep elf zephyrmancer casts a spell.
The deep elf zephyrmancer blinks!
The dread lich gestures wildly while chanting.
The dread lich seems to speed up.
The phantasmal warrior gestures at you.
The phantasmal warrior blinks!
The ettin tries to recover its lost courage.
The titan waves its arms in wide circles.
The air twists around and strikes you!!
* * * LOW HITPOINT WARNING * * *
You redirect the deep elf zephyrmancer's attack!
The deep elf zephyrmancer mumbles some strange words.
The deep elf zephyrmancer blinks!
The ironbound convoker cowers, then darts away.
The ogre mage mumbles some strange words.
The ogre mage flickers and vanishes for a moment.
An ironbound preserver comes into view. It is wielding a +0 great mace.
The deep elf zephyrmancer casts a spell.
The deep elf zephyrmancer blinks!
Monsters!
Monsters everywhere!
You have to get out of here! 😱 HP[-24]
You take 24 damage, and now have 32/214 hp.
Unknown command.
Okay, then.
Okay, then.
Okay, then.
The ghost moth changes into a fire dragon!
The dread lich casts a spell.
The dread lich flickers and vanishes for a moment.
The deep elf zephyrmancer gestures wildly while chanting.
The deep elf zephyrmancer blinks!
The vault warden activates a sealing rune.
The deep elf demonologist casts a spell.
The titan gestures at you while chanting.
The bolt of lightning hits you!!!
You die...

Skill      XL: |  1  2  3  4  5  6  7  8  9 10 11 12 13 14 15 16 17 18 19 20 |
---------------+-------------------------------------------------------------+-----
Fighting       | 3 4 6 7 9 10 12 13 15 16 18 21 22 | 22.0
Axes           | 6 11 14 17 20 22 24 | 24.0
Armour         | 12 15 18 20 | 20.0
Transmutations | 5 |  5.7
Earth Magic    | 8 |  8.3
Shields        | |  3.2

Action                   |  1- 3 |  4- 6 |  7- 9 | 10-12 | 13-15 | 16-18 | 19-21 || total
-------------------------+-------+-------+-------+-------+-------+-------+-------++-------
Melee: War axe           |    33 |       |       |       |       |       |       ||    33
       Mace              |    58 |    73 |    51 |     6 |    17 |       |       ||   205
       Whip              |       |       |   108 |       |       |       |       ||   108
       Executioner's axe |       |       |   109 |   265 |   812 |   977 |   198 ||  2361
       Punch             |       |       |     1 |       |       |       |     3 ||     4
       Unarmed           |       |       |       |     9 |       |       |       ||     9
       Long sword        |       |       |       |       |    62 |       |       ||    62
       Demon whip        |       |       |       |       |    19 |       |       ||    19
       Broad axe         |       |       |       |       |       |     8 |       ||     8
       Battleaxe         |       |       |       |       |       |       |   342 ||   342
       Morningstar       |       |       |       |       |       |       |   105 ||   105
 Fire: Hunting sling     |    40 |    10 |       |       |       |       |       ||    50
       Shortbow          |       |       |    27 |    21 |    49 |    18 |       ||   115
Throw: Boomerang         |       |       |    14 |     7 |    24 |    31 |     6 ||    82
       Dart              |       |       |    10 |       |     3 |       |       ||    13
       Throwing net      |       |       |     1 |     2 |     2 |       |       ||     5
Invok: Sacrifice Courage |     1 |       |       |       |       |       |       ||     1
       Sacrifice Love    |       |       |     1 |       |       |       |       ||     1
       Draw Out Power    |       |       |     3 |    22 |    52 |    74 |    18 ||   169
       Power Leap        |       |       |     1 |     1 |     2 |       |       ||     4
       Sacrifice Arcana  |       |       |     1 |       |       |       |       ||     1
       Sacrifice Artific |       |       |       |     1 |       |       |       ||     1
       Apocalypse        |       |       |       |       |     9 |     4 |     8 ||    21
       Sacrifice an Eye  |       |       |       |       |     1 |       |       ||     1
 Abil: Heal Wounds       |     2 |     2 |     3 |     3 |     3 |     6 |    12 ||    31
Evoke: Wand              |       |       |     5 |       |       |       |       ||     5
  Use: Scroll            |     6 |     5 |     5 |     6 |    13 |    16 |     8 ||    59
       Potion            |     2 |     5 |     8 |     3 |    17 |    12 |     7 ||    54
 Stab: Invisible         |       |       |     1 |     2 |    17 |     8 |     5 ||    33
       Paralysed         |       |       |       |     1 |    20 |     6 |     7 ||    34
       Distracted        |       |       |       |     1 |     5 |     5 |     1 ||    12
       Petrified         |       |       |       |       |     2 |       |       ||     2
       Held in net/web   |       |       |       |       |     1 |       |       ||     1
Armor: Scale mail        |    32 |       |       |       |   309 |   521 |   370 ||  1232
       Chain mail        |       |    41 |   161 |   127 |    62 |       |       ||   391
       Skin              |       |    26 |    10 |    12 |       |       |       ||    48
Dodge: Dodged            |    38 |    30 |    93 |    87 |   342 |   278 |   222 ||  1090
Block: Buckler           |    20 |    16 |    20 |       |       |       |       ||    56
       Kite shield       |       |       |       |       |       |     2 |       ||     2

Levels and vault maps discovered:
D:1:      amcnicky_arrival_blooded_trapdoor, layout_rooms,
          minmay_misc_feat_hallway, amcnicky_mini_rare_corridor_liquid
D:2:      wander_river, layout_loops_ring, minmay_lizard_king
D:3:      layout_loops_ring, lemuel_doored_altar, basic_ecumenical_altar,
          amethyst_killhole, kennysheep_crisscross, kennysheep_donut,
          dk_noncrumbling_4, uniq_grinder, uniq_ijyb
D:4:      layout_loops_ring, beargit_hepliaklqana_dungeon_heroes, serial_bayou,
          serial_bayou_pond_c, serial_bayou_lagoon_a, serial_bayou_pond_a,
          serial_bayou_pond_e, uniq_blork_the_orc, uniq_pikel, uniq_natasha,
          uniq_duvessa
D:5:      layout_basic, mainiacjoe_overflow_24_doors, fedhas_altar_decomposition
D:6:      layout_cave_pools, minmay_temple_entry_glassed_door,
          minmay_fractal_squares_gapless_5
D:7:      layout_gridville, mainiacjoe_overflow_catwalk,
          nicolae_xom_altar_mimics, enter_bailey_5
D:8:      layout_basic, nicolae_tso_besieged_by_evil, hangedman_glass_teeth
D:9:      layout_irregular_city, kennysheep_orc_sif_temple,
          nicolae_overflow_squiral, nicolae_benzene_ring
D:10:     layout_small_grid, nemelex_spade_bored_becter,
          mainiacjoe_overflow_alcove_4, dpeg_oklobed_lair, uniq_harold,
          uniq_psyche, uniq_fannar
D:11:     layout_basic, lightli_elemental_guards
D:12:     layout_roguey, minmay_orc_entry_temple_small
D:13:     layout_roguey, david_vaults_2, nicolae_trove_entry_free_sample,
          uniq_lodul
D:14:     layout_roguey, minmay_strange_pillars, serial_shops, shop_fountains,
          special_room [special_room_mythical_zoo], uniq_rupert, uniq_frances,
          uniq_kirke
D:15:     grunt_enter_depths_magical_seal, layout_basic,
          hangedman_abyss_or_decor_stagger
Lair:1:   layout_loops_ring, nzn_sisyphean_effort
Lair:2:   layout_small_grid, skrybe_swamp_entry_bodies, basic_altar
Lair:3:   layout_concentric_octagons, guppyfry_snake_entry_garden,
          grunt_megastairs_4
Lair:4:   layout_regular_city, portal_ice_cave_entry_pillars_2, uniq_amaemon
Lair:5:   layout_cave_pods, lemuel_old_faithful, infiniplex_staircase_pool,
          uniq_josephine
Lair:6:   cheibrodos_lair_end_hotspot, layout_layer_cave, slime_altar_1
Swamp:1:  layout_basic_swamp, nicolae_swamp_fairy_circle, swamp_pool5,
          nicolae_swamp_catching_bugs
Snake:1:  layout_gridlike, gammafunk_ghost_wrathful_warriors,
          grunt_megastairs_1, minmay_shop_grove, uniq_asterion
Snake:2:  layout_rooms, uniq_vashnia
Snake:3:  layout_onion_interference, nicolae_shop_clearance
Snake:4:  hellmonk_snake_rune_quicksilver_temple, layout_chambers, serial_shops,
          shop, uniq_roxanne, uniq_donald, uniq_aizul
Orc:1:    layout_diamond_mine, basic_altar, nicolae_orc_bridge_out
Orc:2:    pf_orc_diabolical, layout_caves, serial_shops, nicolae_shop_waterfront
Vaults:1: hangedman_vaults_hat, vaults_dpeg_doors, nicolae_vaults_rhombus_7,
          nicolae_vaults_triangles, nicolae_vaults_border_crossing, v_pattern_2,
          v_misc_14, ontoclasm_vaults_claustrophobia, v_misc_30,
          layout_vaults_maze_snakey
Vaults:2: v_alt_pattern_1, nicolae_vaults_bisected_exclaves,
          nicolae_vaults_yaktaur_gun_rack, ontoclasm_vaults_chip,
          ontoclasm_vaults_shuriken, minmay_crypt_entry_simple_walls,
          dpeg_vaults_monster_box, nicolae_vaults_little_squares_4,
          hangedman_vaults_stagger, grunt_vaults_swirl,
          ontoclasm_vaults_ring_small, ontoclasm_vaults_decontamination,
          layout_vaults_ring
Vaults:3: vaults_room_fancy_cross, v_alt_pattern_4, v_misc_12, v_misc_32,
          st_cells, vaults_mumra_hexcomb,
          nicolae_vaults_windows_and_doors_thing,
          nicolae_vaults_ring_of_whatevers, hangedman_vaults_nails, v_misc_13,
          nicolae_vaults_theta, hangedman_vaults_slice, vaults_room_fancy_cross,
          ontoclasm_vaults_gateway, layout_vaults_omnicross, uniq_nikola
Vaults:4: portal_desolation_entry_nicolae_slug, vaults_standard_mumra_lines,
          nicolae_vaults_little_ls, grunt_vaults_twisty,
          nicolae_vaults_three_branches, v_misc_33, vaults_room_guarded_vault,
          vaults_room_fours, nicolae_vaults_specimen_jars,
          nicolae_vaults_gold_heap, layout_vaults_quadrants, serial_shops,
          nicolae_diamond_shop, nicolae_shop_waterfront, shop
Vaults:5: serial_shops
Crypt:1:  layout_chaotic_city, basic_altar, uniq_vv
Crypt:2:  layout_chaotic_city, uniq_margery, uniq_bai_suzhen, uniq_xtahua,
          uniq_mennas, uniq_josephina

Notes
Turn   | Place    | Note
-------+----------+-------------------------------------------
     0 | D:1      | spaghetti the Deep Dwarf Fighter began the quest for the
                  | Orb.
     0 | D:1      | Reached XP level 1. HP: 20/20 MP: 1/1
     0 | D:1      | magus.rc [v1.9.6]
   170 | D:1      | Reached skill level 3 in Fighting
   325 | D:1      | Reached XP level 2. HP: 27/28 MP: 2/2
   663 | D:2      | Reached XP level 3. HP: 20/36 MP: 3/3
   675 | D:2      | Reached skill level 4 in Fighting
  1414 | D:3      | Found a faded altar of an unknown god.
  1421 | D:3      | Prayed at the altar of an unknown god.
  1421 | D:3      | Became a worshipper of Ru the Awakened
  1432 | D:3      | Gained mutation: Your cowardice makes you less effective in
                  | combat with threatening foes. [Ru sacrifice]
  1432 | D:3      | Reached * piety under Ru
  1462 | D:3      | Noticed Ijyb
  1491 | D:3      | Killed Ijyb
  1492 | D:3      | Reached XP level 4. HP: 25/45 MP: 4/4
  1808 | D:3      | Found an iron altar of Okawaru.
  2106 | D:3      | Noticed Grinder
  2131 | D:3      | Killed Grinder
  2132 | D:3      | Reached skill level 6 in Fighting
  2132 | D:3      | Reached XP level 5. HP: 25/56 MP: 5/5
  2132 | D:3      | Reached XP level 6. HP: 28/63 MP: 6/6
  2384 | D:4      | Noticed Pikel
  2761 | D:4      | Noticed Natasha
  2766 | D:4      | Reached skill level 7 in Fighting
  2768 | D:4      | Killed Natasha
  2916 | D:4      | Noticed Blork the orc
  2962 | D:4      | Reached XP level 7. HP: 65/72 MP: 7/7
  3025 | D:4      | Found a hazy altar of Hepliaklqana.
  3025 | D:4      | Noticed Duvessa
  3025 | D:4      | Noticed Dowan
  3175 | D:4      | Identified a scroll of acquirement
  3175 | D:4      | Acquired a +3 executioner's axe of holy wrath
  3176 | D:4      | z - a +3 executioner's axe of holy wrath {axerare=g}
  3201 | D:4      | Killed Pikel
  3202 | D:4      | Reached skill level 8 in Fighting
  3211 | D:4      | Killed Blork the orc
  3212 | D:4      | Reached skill level 9 in Fighting
  3212 | D:4      | Reached XP level 8. HP: 70/85 MP: 8/8
  3395 | D:4      | Noticed Natasha
  3413 | D:4      | Killed Natasha
  3523 | D:4      | Noticed Natasha
  3532 | D:4      | Killed Natasha
  3915 | D:4      | Killed Dowan
  3916 | D:4      | Reached skill level 3 in Axes
  3978 | D:5      | Entered Level 5 of the Dungeon
  4415 | D:6      | Reached skill level 4 in Axes
  4483 | D:6      | your +3 executioner's axe of holy wrath {axerare=g} softly
                  | glows with a divine radiance!
  4483 | D:6      | z - a +3 executioner's axe of holy wrath (weapon)
                  | {axerare=g}
  4485 | D:6      | your +3 executioner's axe of holy wrath {axerare=g} stops
                  | glowing.
  4496 | D:6      | Identified the +0 helmet "Qobetorgh" {rF+ Int+2 SInv}
  4583 | D:6      | Found a staircase to the Ecumenical Temple.
  4591 | D:6      | Gained mutation: You are hated by all. [Ru sacrifice]
  4591 | D:6      | Reached ** piety under Ru
  4591 | D:6      | Reached *** piety under Ru
  4629 | D:6      | Reached skill level 10 in Fighting
  4629 | D:6      | Reached skill level 5 in Axes
  4801 | D:7      | Reached skill level 6 in Axes
  4914 | D:7      | your +3 executioner's axe of holy wrath {axerare=g} softly
                  | glows with a divine radiance!
  4914 | D:7      | z - a +3 executioner's axe of holy wrath (weapon)
                  | {axerare=g}
  4963 | D:7      | Gained mutation: You passively map the area around you.
                  | [Deep Dwarf growth]
  4963 | D:7      | Reached XP level 9. HP: 32/93 MP: 9/9
  4976 | D:7      | Reached skill level 7 in Axes
  5115 | D:8      | Noticed a komodo dragon
  5122 | D:8      | HP: 23/93 [komodo dragon (20)]
  5138 | D:8      | HP: 18/88 [komodo dragon (12)]
  5139 | D:8      | Killed a komodo dragon
  5140 | D:8      | Reached skill level 8 in Axes
  5145 | D:7      | HP: 17/93 [gnoll/+0 spear (1)]
  5349 | D:7      | Found a flagged portal.
  5368 | D:7      | your +3 executioner's axe of holy wrath {axerare=g} stops
                  | glowing.
  5422 | D:7      | Found a shimmering altar of Xom.
  5424 | D:7      | Found a sacrificial altar of Ru.
  5429 | D:7      | Found a shimmering altar of Xom.
  5429 | D:7      | Found a shimmering altar of Xom.
  5431 | D:7      | Found a shimmering altar of Xom.
  5431 | D:7      | Found a shimmering altar of Xom.
  5434 | D:7      | Found a shimmering altar of Xom.
  5434 | D:7      | Found a shimmering altar of Xom.
  5446 | D:7      | your +3 executioner's axe of holy wrath {axerare=g} glows
                  | red for a moment.
  5566 | D:7      | Noticed a two-headed ogre
  5619 | D:8      | your +4 executioner's axe of holy wrath {axerare=g} softly
                  | glows with a divine radiance!
  5619 | D:8      | z - a +4 executioner's axe of holy wrath (weapon)
                  | {axerare=g}
  5630 | D:8      | your +4 executioner's axe of holy wrath {axerare=g} stops
                  | glowing.
  5662 | D:8      | your +4 executioner's axe of holy wrath {axerare=g} softly
                  | glows with a divine radiance!
  5662 | D:8      | z - a +4 executioner's axe of holy wrath (weapon)
                  | {axerare=g}
  5670 | D:8      | Reached skill level 9 in Axes
  5876 | D:8      | Identified the +5 shortbow "Jeddap" {flame, rF+ rCorr
                  | Stlth+}
  5914 | D:8      | your +4 executioner's axe of holy wrath {axerare=g} stops
                  | glowing.
  5917 | D:8      | a - a +4 executioner's axe of holy wrath {axerare=g}
  5917 | D:8      | your +4 executioner's axe of holy wrath {axerare=g} softly
                  | glows with a divine radiance!
  5917 | D:8      | a - a +4 executioner's axe of holy wrath (weapon)
                  | {axerare=g}
  5918 | D:8      | your +4 executioner's axe of holy wrath {axerare=g} stops
                  | glowing.
  5921 | D:8      | Found a glowing golden altar of the Shining One.
  5924 | D:8      | your +4 executioner's axe of holy wrath {axerare=g} softly
                  | glows with a divine radiance!
  5924 | D:8      | a - a +4 executioner's axe of holy wrath (weapon)
                  | {axerare=g}
  6142 | D:9      | Gained mutation: You cannot study or cast Air magic. [Ru
                  | sacrifice]
  6142 | D:9      | Gained mutation: You cannot study or cast Hexes magic. [Ru
                  | sacrifice]
  6142 | D:9      | Gained mutation: You cannot study or cast Translocations
                  | magic. [Ru sacrifice]
  6142 | D:9      | Reached **** piety under Ru
  6174 | D:9      | your +4 executioner's axe of holy wrath {axerare=g} stops
                  | glowing.
  6188 | D:9      | your +4 executioner's axe of holy wrath {axerare=g} softly
                  | glows with a divine radiance!
  6188 | D:9      | a - a +4 executioner's axe of holy wrath (weapon)
                  | {axerare=g}
  6193 | D:9      | Reached skill level 10 in Axes
  6193 | D:9      | your +4 executioner's axe of holy wrath {axerare=g} stops
                  | glowing.
  6194 | D:9      | your +4 executioner's axe of holy wrath {axerare=g} softly
                  | glows with a divine radiance!
  6194 | D:9      | a - a +4 executioner's axe of holy wrath (weapon)
                  | {axerare=g}
  6212 | D:9      | your +4 executioner's axe of holy wrath {axerare=g} stops
                  | glowing.
  6217 | D:9      | your +4 executioner's axe of holy wrath {axerare=g} softly
                  | glows with a divine radiance!
  6217 | D:9      | a - a +4 executioner's axe of holy wrath (weapon)
                  | {axerare=g}
  6220 | D:9      | your +4 executioner's axe of holy wrath {axerare=g} stops
                  | glowing.
  6223 | D:9      | your +4 executioner's axe of holy wrath {axerare=g} softly
                  | glows with a divine radiance!
  6223 | D:9      | a - a +4 executioner's axe of holy wrath (weapon)
                  | {axerare=g}
  6335 | D:9      | your +4 executioner's axe of holy wrath {axerare=g} stops
                  | glowing.
  6344 | D:9      | your +4 executioner's axe of holy wrath {axerare=g} softly
                  | glows with a divine radiance!
  6344 | D:9      | a - a +4 executioner's axe of holy wrath (weapon)
                  | {axerare=g}
  6353 | D:9      | your +4 executioner's axe of holy wrath {axerare=g} stops
                  | glowing.
  6518 | D:9      | your +4 executioner's axe of holy wrath {axerare=g} softly
                  | glows with a divine radiance!
  6518 | D:9      | a - a +4 executioner's axe of holy wrath (weapon)
                  | {axerare=g}
  6535 | D:9      | your +4 executioner's axe of holy wrath {axerare=g} stops
                  | glowing.
  6539 | D:9      | your +4 executioner's axe of holy wrath {axerare=g} softly
                  | glows with a divine radiance!
  6539 | D:9      | a - a +4 executioner's axe of holy wrath (weapon)
                  | {axerare=g}
  6542 | D:9      | Reached skill level 11 in Axes
  6601 | D:9      | your +4 executioner's axe of holy wrath {axerare=g} stops
                  | glowing.
  6887 | D:9      | Found a radiant altar of Vehumet.
  6987 | D:9      | Found a shimmering blue altar of Sif Muna.
  6988 | D:9      | your +4 executioner's axe of holy wrath {axerare=g} softly
                  | glows with a divine radiance!
  6988 | D:9      | a - a +4 executioner's axe of holy wrath (weapon)
                  | {axerare=g}
  6993 | D:9      | Reached XP level 10. HP: 63/102 MP: 9/9
  7248 | D:10     | Entered Level 10 of the Dungeon
  7288 | D:10     | Noticed a two-headed ogre
  7289 | D:10     | your +4 executioner's axe of holy wrath {axerare=g} stops
                  | glowing.
  7291 | D:10     | your +4 executioner's axe of holy wrath {axerare=g} softly
                  | glows with a divine radiance!
  7291 | D:10     | a - a +4 executioner's axe of holy wrath (weapon)
                  | {axerare=g}
  7297 | D:10     | Killed a two-headed ogre
  7350 | D:10     | Noticed Fannar
  7360 | D:10     | Killed Fannar
  7361 | D:10     | Reached skill level 12 in Axes
  7374 | D:10     | You pick up a book of Vapours and begin reading...
  7396 | D:10     | Found a sparkling altar of Nemelex Xobeh.
  7413 | D:10     | Noticed Harold
  7421 | D:10     | Killed Harold
  7422 | D:10     | Reached skill level 13 in Axes
  7500 | D:10     | your +4 executioner's axe of holy wrath {axerare=g} stops
                  | glowing.
  7505 | D:10     | Noticed a two-headed ogre
  7506 | D:10     | your +4 executioner's axe of holy wrath {axerare=g} softly
                  | glows with a divine radiance!
  7506 | D:10     | a - a +4 executioner's axe of holy wrath (weapon)
                  | {axerare=g}
  7507 | D:10     | your +4 executioner's axe of holy wrath {axerare=g} stops
                  | glowing.
  7510 | D:10     | your +4 executioner's axe of holy wrath {axerare=g} softly
                  | glows with a divine radiance!
  7510 | D:10     | a - a +4 executioner's axe of holy wrath (weapon)
                  | {axerare=g}
  7513 | D:10     | Killed a two-headed ogre
  7514 | D:10     | your +4 executioner's axe of holy wrath {axerare=g} stops
                  | glowing.
  7541 | D:10     | Noticed Psyche
  7542 | D:10     | your +4 executioner's axe of holy wrath {axerare=g} softly
                  | glows with a divine radiance!
  7542 | D:10     | a - a +4 executioner's axe of holy wrath (weapon)
                  | {axerare=g}
  7543 | D:10     | your +4 executioner's axe of holy wrath {axerare=g} stops
                  | glowing.
  7550 | D:10     | your +4 executioner's axe of holy wrath {axerare=g} softly
                  | glows with a divine radiance!
  7550 | D:10     | a - a +4 executioner's axe of holy wrath (weapon)
                  | {axerare=g}
  7551 | D:10     | Killed Psyche
  7554 | D:10     | your +4 executioner's axe of holy wrath {axerare=g} stops
                  | glowing.
  7576 | D:10     | Reached skill level 14 in Axes
  7623 | D:10     | Found a staircase to the Lair.
  7642 | D:10     | Found a burning altar of Makhleb.
  7713 | D:10     | your +4 executioner's axe of holy wrath {axerare=g} softly
                  | glows with a divine radiance!
  7713 | D:10     | a - a +4 executioner's axe of holy wrath (weapon)
                  | {axerare=g}
  7714 | D:10     | your +4 executioner's axe of holy wrath {axerare=g} stops
                  | glowing.
  7717 | D:10     | your +4 executioner's axe of holy wrath {axerare=g} softly
                  | glows with a divine radiance!
  7717 | D:10     | a - a +4 executioner's axe of holy wrath (weapon)
                  | {axerare=g}
  7785 | D:10     | your +4 executioner's axe of holy wrath {axerare=g} stops
                  | glowing.
  7789 | D:10     | your +4 executioner's axe of holy wrath {axerare=g} softly
                  | glows with a divine radiance!
  7789 | D:10     | a - a +4 executioner's axe of holy wrath (weapon)
                  | {axerare=g}
  7798 | D:10     | HP: 22/99 [yak (5)]
  7799 | D:10     | Reached XP level 11. HP: 23/108 MP: 10/10
  7803 | D:10     | HP: 22/108 [yak (8)]
  8152 | D:11     | Reached skill level 15 in Axes
  8255 | D:11     | Gained mutation: You cannot study or use magical devices.
                  | [Ru sacrifice]
  8255 | D:11     | Reached ***** piety under Ru
  8273 | D:11     | Reached skill level 16 in Axes
  8275 | D:11     | your +4 executioner's axe of holy wrath {axerare=g} stops
                  | glowing.
  8278 | D:11     | your +4 executioner's axe of holy wrath {axerare=g} softly
                  | glows with a divine radiance!
  8278 | D:11     | a - a +4 executioner's axe of holy wrath (weapon)
                  | {axerare=g}
  8331 | D:11     | Found a large runed translucent door.
  8331 | D:11     | Found a large runed translucent door.
  9046 | D:12     | Reached skill level 17 in Axes
  9121 | D:12     | Found a staircase to the Orcish Mines.
  9208 | D:12     | You pick up a book of Callings and begin reading...
  9408 | D:12     | You fall into a shaft and drop 2 floors!
  9440 | D:13     | Noticed a four-headed hydra
  9441 | D:13     | your +4 executioner's axe of holy wrath {axerare=g} stops
                  | glowing.
  9451 | D:13     | Killed a four-headed hydra
  9652 | D:13     | your +4 executioner's axe of holy wrath {axerare=g} softly
                  | glows with a divine radiance!
  9652 | D:13     | a - a +4 executioner's axe of holy wrath (weapon)
                  | {axerare=g}
  9667 | D:13     | Found a portal to a secret trove of treasure.
  9695 | D:13     | Noticed a wizard
  9708 | D:13     | Noticed a two-headed ogre
  9717 | D:13     | Killed a wizard
  9722 | D:13     | Killed a two-headed ogre
  9723 | D:13     | Reached XP level 12. HP: 78/116 MP: 10/10
  9753 | D:13     | Noticed a boulder beetle
  9764 | D:13     | Killed a boulder beetle
  9765 | D:13     | Reached skill level 18 in Axes
  9820 | D:13     | Noticed a two-headed ogre
  9821 | D:13     | Found a gate to the Vaults.
  9821 | D:13     | Noticed a two-headed ogre
  9822 | D:13     | your +4 executioner's axe of holy wrath {axerare=g} stops
                  | glowing.
  9823 | D:13     | Noticed an ogre mage
  9826 | D:13     | your +4 executioner's axe of holy wrath {axerare=g} softly
                  | glows with a divine radiance!
  9826 | D:13     | a - a +4 executioner's axe of holy wrath (weapon)
                  | {axerare=g}
  9830 | D:13     | Killed a two-headed ogre
  9833 | D:13     | Killed a two-headed ogre
  9840 | D:13     | Killed an ogre mage
 10013 | D:13     | Noticed a two-headed ogre
 10013 | D:13     | Noticed a two-headed ogre
 10013 | D:13     | Noticed a two-headed ogre
 10013 | D:13     | Noticed a two-headed ogre
 10035 | D:14     | Noticed a centaur warrior
 10071 | D:14     | Killed a centaur warrior
 10113 | D:14     | Reached skill level 19 in Axes
 10229 | D:14     | Noticed Kirke
 10238 | D:14     | your +4 executioner's axe of holy wrath {axerare=g} melds
                  | into your body.
 10238 | D:14     | your +4 executioner's axe of holy wrath {axerare=g} stops
                  | glowing.
 10249 | D:14     | Noticed Frances
 10321 | D:12     | your +4 executioner's axe of holy wrath {axerare=g} unmelds
                  | from your body.
 10321 | D:12     | your +4 executioner's axe of holy wrath {axerare=g} softly
                  | glows with a divine radiance!
 10812 | D:5      | Identified a potion of experience
 10821 | D:5      | You pick up a book of Iron and begin reading...
 10821 | D:5      | You add the spells Blade Hands and Iron Shot to your
                  | library.
 10822 | D:5      | Reached skill level 20 in Axes
 10822 | D:5      | Reached XP level 13. HP: 97/105 MP: 11/11
 11237 | D:5      | Gained mutation: You are missing an eye, making it more
                  | difficult to aim. [Ru sacrifice]
 11237 | D:5      | Reached ****** piety under Ru
 11285 | D:5      | Found a hide-covered altar of Uskayaw.
 11645 | D:4      | Killed Duvessa
 11676 | D:4      | Found a faded altar of an unknown god.
 12017 | D:12     | Reached skill level 21 in Axes
 12109 | Lair:1   | Entered Level 1 of the Lair of Beasts
 12555 | Lair:1   | your +4 executioner's axe of holy wrath {axerare=g} stops
                  | glowing.
 12562 | Lair:1   | HP: 18/102 [eight-headed hydra (9)]
 12605 | Lair:1   | your +4 executioner's axe of holy wrath {axerare=g} softly
                  | glows with a divine radiance!
 12605 | Lair:1   | a - a +4 executioner's axe of holy wrath (weapon)
                  | {axerare=g}
 13098 | Lair:2   | Found a staircase to the Swamp.
 13133 | Lair:2   | your +4 executioner's axe of holy wrath {axerare=g} stops
                  | glowing.
 13136 | Lair:2   | your +4 executioner's axe of holy wrath {axerare=g} softly
                  | glows with a divine radiance!
 13136 | Lair:2   | a - a +4 executioner's axe of holy wrath (weapon)
                  | {axerare=g}
 13145 | Lair:2   | your +4 executioner's axe of holy wrath {axerare=g} stops
                  | glowing.
 13149 | Lair:2   | your +4 executioner's axe of holy wrath {axerare=g} softly
                  | glows with a divine radiance!
 13149 | Lair:2   | a - a +4 executioner's axe of holy wrath (weapon)
                  | {axerare=g}
 13164 | Lair:2   | your +4 executioner's axe of holy wrath {axerare=g} stops
                  | glowing.
 13177 | Lair:2   | your +4 executioner's axe of holy wrath {axerare=g} softly
                  | glows with a divine radiance!
 13177 | Lair:2   | a - a +4 executioner's axe of holy wrath (weapon)
                  | {axerare=g}
 13182 | Lair:2   | your +4 executioner's axe of holy wrath {axerare=g} stops
                  | glowing.
 13223 | Lair:2   | your +4 executioner's axe of holy wrath {axerare=g} softly
                  | glows with a divine radiance!
 13223 | Lair:2   | a - a +4 executioner's axe of holy wrath (weapon)
                  | {axerare=g}
 13277 | Lair:2   | your +4 executioner's axe of holy wrath {axerare=g} stops
                  | glowing.
 13281 | Lair:2   | your +4 executioner's axe of holy wrath {axerare=g} softly
                  | glows with a divine radiance!
 13281 | Lair:2   | a - a +4 executioner's axe of holy wrath (weapon)
                  | {axerare=g}
 13286 | Lair:2   | your +4 executioner's axe of holy wrath {axerare=g} stops
                  | glowing.
 13305 | Lair:2   | your +4 executioner's axe of holy wrath {axerare=g} softly
                  | glows with a divine radiance!
 13305 | Lair:2   | a - a +4 executioner's axe of holy wrath (weapon)
                  | {axerare=g}
 13308 | Lair:2   | your +4 executioner's axe of holy wrath {axerare=g} stops
                  | glowing.
 13311 | Lair:2   | your +4 executioner's axe of holy wrath {axerare=g} softly
                  | glows with a divine radiance!
 13311 | Lair:2   | a - a +4 executioner's axe of holy wrath (weapon)
                  | {axerare=g}
 13315 | Lair:2   | your +4 executioner's axe of holy wrath {axerare=g} stops
                  | glowing.
 13367 | Lair:2   | your +4 executioner's axe of holy wrath {axerare=g} softly
                  | glows with a divine radiance!
 13367 | Lair:2   | a - a +4 executioner's axe of holy wrath (weapon)
                  | {axerare=g}
 13483 | Lair:2   | Identified the +1 scale mail of the Earth {Str+4 Dex-4
                  | Stlth+}
 13840 | Lair:2   | Found a radiant altar of Vehumet.
 14071 | Lair:3   | Reached skill level 22 in Axes
 14152 | Lair:3   | your +4 executioner's axe of holy wrath {axerare=g} stops
                  | glowing.
 14241 | Lair:3   | your +4 executioner's axe of holy wrath {axerare=g} softly
                  | glows with a divine radiance!
 14241 | Lair:3   | a - a +4 executioner's axe of holy wrath (weapon)
                  | {axerare=g}
 14344 | Lair:3   | Found a staircase to the Snake Pit.
 14746 | Lair:3   | HP: 21/85 [komodo dragon (24)]
 14752 | Lair:3   | your +4 executioner's axe of holy wrath {axerare=g} stops
                  | glowing.
 14764 | Lair:3   | Gained mutation: You resist negative energy. (rN+) [Deep
                  | Dwarf growth]
 14764 | Lair:3   | Reached XP level 14. HP: 21/96 MP: 6/12
 14966 | Lair:3   | your +4 executioner's axe of holy wrath {axerare=g} softly
                  | glows with a divine radiance!
 14966 | Lair:3   | a - a +4 executioner's axe of holy wrath (weapon)
                  | {axerare=g}
 15050 | Lair:4   | your +4 executioner's axe of holy wrath {axerare=g} stops
                  | glowing.
 15060 | Lair:4   | your +4 executioner's axe of holy wrath {axerare=g} softly
                  | glows with a divine radiance!
 15060 | Lair:4   | a - a +4 executioner's axe of holy wrath (weapon)
                  | {axerare=g}
 15061 | Lair:4   | your +4 executioner's axe of holy wrath {axerare=g} stops
                  | glowing.
 15118 | Lair:4   | your +4 executioner's axe of holy wrath {axerare=g} softly
                  | glows with a divine radiance!
 15118 | Lair:4   | a - a +4 executioner's axe of holy wrath (weapon)
                  | {axerare=g}
 15166 | Lair:4   | your +4 executioner's axe of holy wrath {axerare=g} glows
                  | red for a moment.
 15198 | Lair:4   | your +5 executioner's axe of holy wrath {axerare=g} stops
                  | glowing.
 15203 | Lair:4   | your +5 executioner's axe of holy wrath {axerare=g} softly
                  | glows with a divine radiance!
 15203 | Lair:4   | a - a +5 executioner's axe of holy wrath (weapon)
                  | {axerare=g}
 15210 | Lair:4   | Noticed Amaemon
 15622 | Lair:4   | your +5 executioner's axe of holy wrath {axerare=g} stops
                  | glowing.
 15626 | Lair:4   | your +5 executioner's axe of holy wrath {axerare=g} softly
                  | glows with a divine radiance!
 15626 | Lair:4   | a - a +5 executioner's axe of holy wrath (weapon)
                  | {axerare=g}
 15645 | Lair:4   | Reached skill level 23 in Axes
 15699 | Lair:4   | your +5 executioner's axe of holy wrath {axerare=g} stops
                  | glowing.
 15703 | Lair:4   | your +5 executioner's axe of holy wrath {axerare=g} softly
                  | glows with a divine radiance!
 15703 | Lair:4   | a - a +5 executioner's axe of holy wrath (weapon)
                  | {axerare=g}
 15816 | Lair:4   | Killed Amaemon
 16021 | Lair:4   | Identified the +2 ring mail of Fyjuvapy {Regen+ Str-2
                  | Int+5}
 16093 | Lair:4   | You pick up a book of Storms and begin reading...
 16434 | Lair:5   | your +5 executioner's axe of holy wrath {axerare=g} stops
                  | glowing.
 16436 | Lair:5   | Reached skill level 24 in Axes
 16437 | Lair:5   | your +5 executioner's axe of holy wrath {axerare=g} softly
                  | glows with a divine radiance!
 16437 | Lair:5   | a - a +5 executioner's axe of holy wrath (weapon)
                  | {axerare=g}
 16601 | Lair:5   | Identified the +1 leather armour of Integrity {Rampage
                  | Int-5 SInv}
 16704 | Lair:5   | Noticed Josephine
 16723 | Lair:5   | Killed Josephine
 17266 | Lair:6   | Entered Level 6 of the Lair of Beasts
 17281 | Lair:6   | Found a staircase to the Slime Pits.
 17300 | Lair:6   | Reached skill level 11 in Fighting
 17354 | Lair:6   | your +5 executioner's axe of holy wrath {axerare=g} stops
                  | glowing.
 17361 | Lair:6   | your +5 executioner's axe of holy wrath {axerare=g} softly
                  | glows with a divine radiance!
 17361 | Lair:6   | a - a +5 executioner's axe of holy wrath (weapon)
                  | {axerare=g}
 17367 | Lair:6   | your +5 executioner's axe of holy wrath {axerare=g} stops
                  | glowing.
 17370 | Lair:6   | your +5 executioner's axe of holy wrath {axerare=g} softly
                  | glows with a divine radiance!
 17370 | Lair:6   | a - a +5 executioner's axe of holy wrath (weapon)
                  | {axerare=g}
 17517 | Lair:6   | your +5 executioner's axe of holy wrath {axerare=g} stops
                  | glowing.
 17521 | Lair:6   | your +5 executioner's axe of holy wrath {axerare=g} softly
                  | glows with a divine radiance!
 17521 | Lair:6   | a - a +5 executioner's axe of holy wrath (weapon)
                  | {axerare=g}
 17644 | Lair:6   | your +5 executioner's axe of holy wrath {axerare=g} stops
                  | glowing.
 17660 | Lair:6   | your +5 executioner's axe of holy wrath {axerare=g} softly
                  | glows with a divine radiance!
 17660 | Lair:6   | a - a +5 executioner's axe of holy wrath (weapon)
                  | {axerare=g}
 17942 | Orc:1    | Entered Level 1 of the Orcish Mines
 18092 | Orc:1    | Reached skill level 12 in Fighting
 18095 | Orc:1    | HP: 9/107 [orc knight/+3 great mace (24)]
 18146 | Orc:1    | Found a burning altar of Makhleb.
 18409 | Orc:2    | Entered Level 2 of the Orcish Mines
 18413 | Orc:2    | Found Cuirphom's Antique Weapon Shop.
 18422 | Orc:1    | your +5 executioner's axe of holy wrath {axerare=g} stops
                  | glowing.
 18424 | Orc:1    | your +5 executioner's axe of holy wrath {axerare=g} softly
                  | glows with a divine radiance!
 18424 | Orc:1    | a - a +5 executioner's axe of holy wrath (weapon)
                  | {axerare=g}
 18429 | Orc:1    | your +5 executioner's axe of holy wrath {axerare=g} stops
                  | glowing.
 18440 | Orc:1    | your +5 executioner's axe of holy wrath {axerare=g} softly
                  | glows with a divine radiance!
 18440 | Orc:1    | a - a +5 executioner's axe of holy wrath (weapon)
                  | {axerare=g}
 18446 | Orc:1    | your +5 executioner's axe of holy wrath {axerare=g} stops
                  | glowing.
 18454 | Orc:1    | your +5 executioner's axe of holy wrath {axerare=g} softly
                  | glows with a divine radiance!
 18454 | Orc:1    | a - a +5 executioner's axe of holy wrath (weapon)
                  | {axerare=g}
 18463 | Orc:1    | your +5 executioner's axe of holy wrath {axerare=g} stops
                  | glowing.
 18473 | Orc:1    | your +5 executioner's axe of holy wrath {axerare=g} softly
                  | glows with a divine radiance!
 18473 | Orc:1    | a - a +5 executioner's axe of holy wrath (weapon)
                  | {axerare=g}
 18479 | Orc:2    | Reached XP level 15. HP: 74/99 MP: 13/13
 18499 | Orc:2    | HP: 8/101 [orc warrior/+2 glaive of protection (22)]
 18518 | Orc:2    | Found a staircase to the Elven Halls.
 18559 | Orc:2    | your +5 executioner's axe of holy wrath {axerare=g} stops
                  | glowing.
 18685 | Orc:2    | your +5 executioner's axe of holy wrath {axerare=g} softly
                  | glows with a divine radiance!
 18685 | Orc:2    | a - a +5 executioner's axe of holy wrath (weapon)
                  | {axerare=g}
 18750 | Orc:2    | your +5 executioner's axe of holy wrath {axerare=g} stops
                  | glowing.
 18757 | Orc:2    | your +5 executioner's axe of holy wrath {axerare=g} softly
                  | glows with a divine radiance!
 18757 | Orc:2    | a - a +5 executioner's axe of holy wrath (weapon)
                  | {axerare=g}
 18866 | Orc:2    | your +5 executioner's axe of holy wrath {axerare=g} stops
                  | glowing.
 18912 | Orc:2    | your +5 executioner's axe of holy wrath {axerare=g} softly
                  | glows with a divine radiance!
 18912 | Orc:2    | a - a +5 executioner's axe of holy wrath (weapon)
                  | {axerare=g}
 19481 | Orc:2    | Found Kagorph's General Store.
 19483 | Orc:2    | Found Holioz's Distillery.
 19490 | Orc:2    | HP: 24/101 [orc warrior/+0 war axe (11)]
 19492 | Orc:2    | HP: 10/95 [poisoned by an orc knight]
 19493 | Orc:2    | HP: 2/98 [poisoned by an orc knight]
 19601 | Orc:2    | Reached skill level 13 in Fighting
 19679 | Orc:2    | Bought a potion of mutation for 80 gold pieces
 19679 | Orc:2    | Gained mutation: You are clumsy. (Dex -2) [potion of
                  | mutation]
 19679 | Orc:2    | Gained mutation: You are partially covered in iridescent
                  | scales. (AC +2) [potion of mutation]
 19680 | Orc:2    | Bought a potion of invisibility for 80 gold pieces
 19680 | Orc:2    | Bought a potion of haste for 100 gold pieces
 19721 | Orc:2    | Reached skill level 4 in Armour
 19779 | Orc:2    | Reached skill level 5 in Armour
 19801 | Orc:2    | Reached skill level 6 in Armour
 19848 | Orc:2    | Found Feubbuk's Book Boutique.
 19848 | Orc:2    | Found Zayt's Antique Weapon Shop.
 19849 | Orc:2    | Found a one-way gate leading to the halls of Pandemonium.
 19853 | Orc:2    | Bought an ancient executioner's axe for 480 gold pieces
 19853 | Orc:2    | Identified the +10 executioner's axe of Lyuch {elec, rC++
                  | Will- Dex+4} (You bought it in a shop on level 2 of the
                  | Orcish Mines)
 19853 | Orc:2    | x - the +10 executioner's axe of Lyuch {elec, rC++ Will-
                  | Dex+4, axerare=g}
 19853 | Orc:2    | your +5 executioner's axe of holy wrath {axerare=g} stops
                  | glowing.
 19853 | Orc:2    | x - the +10 executioner's axe of Lyuch (weapon) {elec, rC++
                  | Will- Dex+4, axerare=g}
 19854 | Orc:2    | a - the +10 executioner's axe of Lyuch (weapon) {elec, rC++
                  | Will- Dex+4, axerare=g}
 19854 | Orc:2    | x - a +5 executioner's axe of holy wrath {axerare=g}
 19896 | Orc:2    | Reached skill level 7 in Armour
 19897 | Orc:2    | the +10 executioner's axe of Lyuch {elec, rC++ Will- Dex+4,
                  | axerare=g} stops crackling.
 20083 | D:13     | your +5 executioner's axe of holy wrath {axerare=g} softly
                  | glows with a divine radiance!
 20083 | D:13     | x - a +5 executioner's axe of holy wrath (weapon)
                  | {axerare=g}
 20085 | D:13     | your +5 executioner's axe of holy wrath {axerare=g} stops
                  | glowing.
 20085 | D:13     | a - the +10 executioner's axe of Lyuch (weapon) {elec, rC++
                  | Will- Dex+4, axerare=g}
 20106 | D:13     | You pick up a book of Scorching and begin reading...
 20106 | D:13     | You add the spells Scorch and Flame Wave to your library.
 20282 | D:13     | Reached skill level 8 in Armour
 20283 | D:13     | the +10 executioner's axe of Lyuch {elec, rC++ Will- Dex+4,
                  | axerare=g} stops crackling.
 20283 | D:13     | your +5 executioner's axe of holy wrath {axerare=g} softly
                  | glows with a divine radiance!
 20283 | D:13     | x - a +5 executioner's axe of holy wrath (weapon)
                  | {axerare=g}
 20286 | D:13     | your +5 executioner's axe of holy wrath {axerare=g} stops
                  | glowing.
 20286 | D:13     | a - the +10 executioner's axe of Lyuch (weapon) {elec, rC++
                  | Will- Dex+4, axerare=g}
 20312 | D:13     | Noticed Lodul
 20313 | D:13     | the +10 executioner's axe of Lyuch {elec, rC++ Will- Dex+4,
                  | axerare=g} stops crackling.
 20319 | D:13     | a - the +10 executioner's axe of Lyuch (weapon) {elec, rC++
                  | Will- Dex+4, axerare=g}
 20320 | D:13     | Killed Lodul
 20394 | D:13     | This trove needs a +5 demon whip to function. Give it the
                  | item?
 20394 | D:13     | This trove needs a +5 demon whip to function. Give it the
                  | item?
 20410 | D:14     | Found Gamighun's Weapon Emporium.
 20611 | D:14     | Reached skill level 9 in Armour
 20644 | D:14     | the +10 executioner's axe of Lyuch {elec, rC++ Will- Dex+4,
                  | axerare=g} melds into your body.
 20644 | D:14     | the +10 executioner's axe of Lyuch {elec, rC++ Will- Dex+4,
                  | axerare=g} stops crackling.
 20698 | D:14     | Noticed a sphinx
 20698 | D:14     | HP: 24/117 [centaur warrior/arrow (25)]
 20700 | D:14     | Noticed a sphinx
 20705 | D:14     | the +10 executioner's axe of Lyuch {elec, rC++ Will- Dex+4,
                  | axerare=g} unmelds from your body.
 20707 | D:14     | HP: 11/117 [sphinx/divine providence[Kirke] (13)]
 20715 | D:14     | the +10 executioner's axe of Lyuch {elec, rC++ Will- Dex+4,
                  | axerare=g} stops crackling.
 20715 | D:14     | your +5 executioner's axe of holy wrath {axerare=g} softly
                  | glows with a divine radiance!
 20715 | D:14     | x - a +5 executioner's axe of holy wrath (weapon)
                  | {axerare=g}
 20723 | D:15     | Entered Level 15 of the Dungeon
 21015 | D:14     | Noticed Rupert
 21024 | D:14     | Reached skill level 10 in Armour
 21026 | D:14     | Killed Rupert
 21295 | D:14     | your +5 executioner's axe of holy wrath {axerare=g} stops
                  | glowing.
 21306 | D:14     | a - the +10 executioner's axe of Lyuch (weapon) {elec, rC++
                  | Will- Dex+4, axerare=g}
 21399 | D:14     | the +10 executioner's axe of Lyuch {elec, rC++ Will- Dex+4,
                  | axerare=g} stops crackling.
 21406 | D:14     | a - the +10 executioner's axe of Lyuch (weapon) {elec, rC++
                  | Will- Dex+4, axerare=g}
 21501 | D:15     | the +10 executioner's axe of Lyuch {elec, rC++ Will- Dex+4,
                  | axerare=g} stops crackling.
 21501 | D:15     | your +5 executioner's axe of holy wrath {axerare=g} softly
                  | glows with a divine radiance!
 21501 | D:15     | x - a +5 executioner's axe of holy wrath (weapon)
                  | {axerare=g}
 21521 | D:15     | Reached skill level 11 in Armour
 21521 | D:15     | HP: 24/108 [skeletal warrior/+0 battleaxe (4)]
 21541 | D:15     | your +5 executioner's axe of holy wrath {axerare=g} stops
                  | glowing.
 21549 | D:15     | a - the +10 executioner's axe of Lyuch (weapon) {elec, rC++
                  | Will- Dex+4, axerare=g}
 21550 | D:15     | the +10 executioner's axe of Lyuch {elec, rC++ Will- Dex+4,
                  | axerare=g} stops crackling.
 21799 | D:15     | a - the +10 executioner's axe of Lyuch (weapon) {elec, rC++
                  | Will- Dex+4, axerare=g}
 21837 | D:15     | Found a staircase to the Depths.
 21840 | D:15     | the +10 executioner's axe of Lyuch {elec, rC++ Will- Dex+4,
                  | axerare=g} stops crackling.
 21840 | D:15     | your +5 executioner's axe of holy wrath {axerare=g} softly
                  | glows with a divine radiance!
 21840 | D:15     | x - a +5 executioner's axe of holy wrath (weapon)
                  | {axerare=g}
 21884 | D:15     | your +5 executioner's axe of holy wrath {axerare=g} stops
                  | glowing.
 21884 | D:15     | a - the +10 executioner's axe of Lyuch (weapon) {elec, rC++
                  | Will- Dex+4, axerare=g}
 21890 | D:15     | Reached skill level 12 in Armour
 22091 | D:15     | Identified the amulet "Afoced" {RegenMP Str+4}
 22362 | D:15     | Reached XP level 16. HP: 48/137 MP: 14/14
 22729 | Swamp:1  | Entered Level 1 of the Swamp
 22758 | Swamp:1  | the +10 executioner's axe of Lyuch {elec, rC++ Will- Dex+4,
                  | axerare=g} stops crackling.
 22764 | Swamp:1  | a - the +10 executioner's axe of Lyuch (weapon) {elec, rC++
                  | Will- Dex+4, axerare=g}
 22766 | Swamp:1  | the +10 executioner's axe of Lyuch {elec, rC++ Will- Dex+4,
                  | axerare=g} stops crackling.
 22782 | Swamp:1  | a - the +10 executioner's axe of Lyuch (weapon) {elec, rC++
                  | Will- Dex+4, axerare=g}
 22786 | Swamp:1  | Reached skill level 13 in Armour
 22792 | Swamp:1  | your +5 executioner's axe of holy wrath {axerare=g} is
                  | covered with a thin layer of ice!
 22792 | Swamp:1  | x - a +5 executioner's axe of freezing {axerare=g}
 23003 | Swamp:1  | HP: 28/123 [bunyip (26)]
 23098 | Swamp:1  | HP: 26/124 [acid (7)]
 23103 | Swamp:1  | HP: 20/124 [vampire mosquito (6)]
 23209 | Snake:1  | Entered Level 1 of the Snake Pit
 23209 | Snake:1  | Found a transporter.
 23215 | Snake:1  | Noticed drugrobin's ghost (journeyman DgFi)
 23216 | Snake:1  | Found a bloodstained altar of Trog.
 23217 | Snake:1  | Identified the ring of Gih Dupn {rElec rN++ rCorr Dex+6
                  | SInv}
 23248 | Snake:1  | Found a transporter.
 23269 | Snake:1  | Noticed Asterion
 23294 | Snake:1  | Killed Asterion
 23337 | Snake:1  | Reached skill level 14 in Armour
 23442 | Snake:1  | your +5 executioner's axe of freezing {axerare=g} is
                  | engulfed in flames!
 23442 | Snake:1  | x - a +5 executioner's axe of flaming {axerare=g}
 23553 | Snake:1  | Reached skill level 14 in Fighting
 24080 | Snake:1  | Found Soimnuaj's Book Shop.
 24082 | Snake:1  | Found Vyngoir's Jewellery Shoppe.
 24083 | Snake:1  | Found Soruij's Book Shop.
 24269 | Snake:2  | Noticed Vashnia
 24286 | Snake:2  | Killed Vashnia
 24298 | Snake:2  | HP: 20/123 [naga sharpshooter/arrow[Vashnia] (11)]
 24498 | Snake:2  | Reached skill level 15 in Armour
 24508 | Snake:2  | HP: 23/110 [shock serpent/electric aura (9)]
 25028 | Snake:3  | Found Wetenysh's CLEARANCE SALE!.
 25044 | Snake:3  | Bought a scroll of teleportation for 9 gold pieces
 25044 | Snake:3  | Bought a scroll of enchant armour for 22 gold pieces
 25281 | Snake:4  | Entered Level 4 of the Snake Pit
 25293 | Snake:4  | Noticed Donald
 25294 | Snake:4  | Reached skill level 15 in Fighting
 25423 | Snake:4  | Reached XP level 17. HP: 102/128 MP: 14/14
 25456 | Snake:4  | Found Moup's General Store.
 25459 | Snake:4  | Bought a scroll of enchant weapon for 82 gold pieces
 25459 | Snake:4  | Bought a scroll of enchant armour for 82 gold pieces
 26041 | Snake:4  | Killed Donald
 26258 | Snake:4  | Noticed a quicksilver dragon
 26269 | Snake:4  | Killed a quicksilver dragon
 26270 | Snake:4  | Reached skill level 16 in Armour
 26505 | Snake:4  | Noticed Aizul
 26516 | Snake:4  | Killed Aizul
 26547 | Snake:4  | Identified Roxanne's Almanac of Changing
 26547 | Snake:4  | Noticed Roxanne
 26559 | Snake:4  | HP: 13/124 [Roxanne/iron shot (40)]
 26565 | Snake:4  | Killed Roxanne
 26567 | Snake:4  | You add the spells Sting, Passwall, Spider Form, Statue
                  | Form and Dragon Form to your library.
 26654 | Snake:4  | You pick up a book of Transfigurations {@e2} and begin
                  | reading...
 27028 | Snake:4  | Cleave: a) +10 executioner's axe of Lyuch {elec, rC++ Will-
                  | Dex+4, axerare=g}
 27028 | Snake:4  | Cleave: a) +10 executioner's axe of Lyuch {elec, rC++ Will-
                  | Dex+4, axerare=g}
 27028 | Snake:4  | HP: 20/103 [poisoned by a nagaraja (splash of poison)]
 27028 | Snake:4  | HP: 9/103 [nagaraja/+0 whip (11)]
 27088 | Snake:4  | the +10 executioner's axe of Lyuch {elec, rC++ Will- Dex+4,
                  | axerare=g} stops crackling.
 27092 | Snake:4  | a - the +10 executioner's axe of Lyuch (weapon) {elec, rC++
                  | Will- Dex+4, axerare=g}
 27241 | Snake:4  | Noticed a quicksilver dragon
 27249 | Snake:4  | Killed a quicksilver dragon
 27251 | Snake:4  | quicksilver dragon scales {rare}; a quicksilver dragon
                  | corpse
 27251 | Snake:4  | S - quicksilver dragon scales {rare}
 27292 | Snake:4  | the +10 executioner's axe of Lyuch {elec, rC++ Will- Dex+4,
                  | axerare=g} stops crackling.
 27301 | Snake:4  | a - the +10 executioner's axe of Lyuch (weapon) {elec, rC++
                  | Will- Dex+4, axerare=g}
 27345 | Snake:4  | Got a serpentine rune of Zot
 27475 | Snake:1  | the +10 executioner's axe of Lyuch {elec, rC++ Will- Dex+4,
                  | axerare=g} stops crackling.
 28126 | Vaults:1 | Entered Level 1 of the Vaults
 28145 | Vaults:1 | HP: 21/100 [ironbound frostheart (14)]
 28166 | Vaults:1 | a - the +10 executioner's axe of Lyuch (weapon) {elec, rC++
                  | Will- Dex+4, axerare=g}
 28240 | Vaults:1 | HP: 25/106 [ironbound frostheart/creeping frost (20)]
 28268 | Vaults:1 | Reached skill level 16 in Fighting
 28378 | Vaults:1 | Reached skill level 17 in Armour
 28642 | Vaults:1 | Reached skill level 18 in Armour
 28642 | Vaults:1 | Gained mutation: You passively map a large area around you.
                  | [Deep Dwarf growth]
 28642 | Vaults:1 | Reached XP level 18. HP: 96/162 MP: 13/13
 28781 | Vaults:1 | Reached skill level 17 in Fighting
 29450 | Vaults:2 | Reached skill level 19 in Armour
 29714 | Vaults:2 | Lost mutation: You are clumsy. (Dex -2) [potion of
                  | mutation]
 29714 | Vaults:2 | Lost mutation: You are partially covered in iridescent
                  | scales. (AC +2) [potion of mutation]
 29714 | Vaults:2 | Gained mutation: You have hidden genetic potential. [potion
                  | of mutation]
 29714 | Vaults:2 | Gained mutation: You are dopey. (Int -2) [potion of
                  | mutation]
 29714 | Vaults:2 | Gained mutation: You are weak. (Str -2) [potion of
                  | mutation]
 29747 | Vaults:2 | Reached skill level 18 in Fighting
 29818 | Vaults:2 | Paralysed by a vampire knight for 7 turns
 30043 | Vaults:2 | Found a staircase to the Crypt.
 30087 | Crypt:1  | Entered Level 1 of the Crypt
 30229 | Crypt:1  | Noticed a curse skull
 30238 | Crypt:1  | Killed a curse skull
 30311 | Crypt:1  | Noticed a curse skull
 30316 | Crypt:1  | Killed a curse skull
 30324 | Crypt:1  | Reached skill level 20 in Armour
 30376 | Crypt:1  | Learned a level 6 spell: Statue Form
 30405 | Crypt:1  | Reached XP level 19. HP: 122/172 MP: 14/14
 30470 | Crypt:1  | Noticed Vv
 30472 | Crypt:1  | HP: 39/165 [ancient champion/iron shot (57)]
 30473 | Crypt:1  | HP: 10/165 [Vv/flame surge (29)]
 30475 | Crypt:1  | HP: 3/165 [Vv/creeping frost (25)]
 30491 | Crypt:1  | HP: 29/155 [Vv/creeping frost (21)]
 30492 | Crypt:1  | HP: 9/155 [Vv (9)]
 30939 | Crypt:2  | Noticed Mennas
 30943 | Crypt:2  | Noticed Bai Suzhen
 31160 | Crypt:1  | HP: 25/105 [Bai Suzhen/torrent of water (21)]
 31183 | Crypt:1  | Killed Bai Suzhen
 31284 | Crypt:2  | Reached skill level 19 in Fighting
 31717 | Vaults:3 | Noticed Nikola
 31718 | Vaults:3 | the +10 executioner's axe of Lyuch {elec, rC++ Will- Dex+4,
                  | axerare=g} stops crackling.
 31718 | Vaults:3 | your +5 executioner's axe of flaming {axerare=g} bursts
                  | into flame!
 31718 | Vaults:3 | x - a +5 executioner's axe of flaming (weapon) {axerare=g}
 31718 | Vaults:3 | HP: 17/124 [Nikola/arc of chain lightning (67)]
 31730 | Vaults:3 | Killed Nikola
 31731 | Vaults:3 | your +5 executioner's axe of flaming {axerare=g} stops
                  | flaming.
 31731 | Vaults:3 | a - the +10 executioner's axe of Lyuch (weapon) {elec, rC++
                  | Will- Dex+4, axerare=g}
 32100 | Vaults:3 | the +10 executioner's axe of Lyuch {elec, rC++ Will- Dex+4,
                  | axerare=g} stops crackling.
 32266 | Vaults:3 | Reached skill level 20 in Fighting
 32430 | Vaults:3 | a - the +10 executioner's axe of Lyuch (weapon) {elec, rC++
                  | Will- Dex+4, axerare=g}
 32457 | Vaults:3 | Gained mutation: You are agile. (Dex +2) [hidden potential]
 32471 | Vaults:3 | the +10 executioner's axe of Lyuch {elec, rC++ Will- Dex+4,
                  | axerare=g} stops crackling.
 32574 | Vaults:3 | a - the +10 executioner's axe of Lyuch (weapon) {elec, rC++
                  | Will- Dex+4, axerare=g}
 32736 | Vaults:3 | the +10 executioner's axe of Lyuch {elec, rC++ Will- Dex+4,
                  | axerare=g} stops crackling.
 33361 | Vaults:4 | Reached skill level 21 in Fighting
 33516 | Vaults:4 | Found a crumbling gateway.
 33567 | Vaults:4 | Reached XP level 20. HP: 192/210 MP: 12/12
 33647 | Vaults:4 | Found Elasmeff's Jewellery Emporium.
 33671 | Vaults:4 | Found Ricir's Book Shop.
 33864 | Vaults:4 | Identified the +0 leather armour of Jalih {-Cast rF+++
                  | Regen+ Int-4}
 33988 | Vaults:4 | Found Jolaan's Antique Weapon Shoppe.
 34002 | Vaults:4 | Bought a faintly glowing battleaxe for 540 gold pieces
 34002 | Vaults:4 | Identified the +5 battleaxe of Hard Scrabble {vorpal,
                  | Fragile Int+2 Stlth+} (You bought it in a shop on level 4
                  | of the Vaults)
 34111 | Vaults:4 | You pick up a book of Frost and begin reading...
 34111 | Vaults:4 | You add the spells Freeze, Frozen Ramparts and Hailstorm to
                  | your library.
 34477 | Vaults:5 | Entered Level 5 of the Vaults
 34481 | Vaults:5 | Reached skill level 22 in Fighting
 34481 | Vaults:5 | Reached skill level 2 in Transmutations
 34481 | Vaults:5 | Reached skill level 3 in Earth Magic
 34493 | Vaults:5 | Reached skill level 4 in Earth Magic
 34498 | Vaults:5 | Reached skill level 3 in Transmutations
 34504 | Vaults:5 | Reached skill level 5 in Earth Magic
 34521 | Vaults:5 | Reached skill level 4 in Transmutations
 34521 | Vaults:5 | Noticed a golden dragon
 34524 | Vaults:5 | Reached skill level 6 in Earth Magic
 34525 | Vaults:5 | Noticed an ancient lich
 34541 | Vaults:5 | Noticed a golden dragon
 34543 | Vaults:5 | Killed a golden dragon
 34550 | Vaults:5 | Noticed a golden dragon
 34562 | Vaults:5 | Noticed a dread lich
 34564 | Vaults:5 | Killed a golden dragon
 34564 | Vaults:5 | Identified +0 gold dragon scales
 34565 | Vaults:5 | Reached skill level 7 in Earth Magic
 34566 | Vaults:5 | Reached skill level 5 in Transmutations
 34569 | Vaults:5 | Noticed a dread lich
 34575 | Vaults:5 | Killed an ancient lich
 34576 | Vaults:5 | Reached skill level 8 in Earth Magic
 34587 | Vaults:5 | HP: 51/213 [reaper/+1 scythe of venom[a dread lich] (13)]
 34588 | Vaults:5 | Gained mutation: Your spells are a little harder to cast,
                  | but a little more powerful. [hidden potential]
 34588 | Vaults:5 | Lost mutation: You have hidden genetic potential. [hidden
                  | potential expressed]
 34590 | Vaults:5 | Killed from afar by a titan

Vanquished Creatures
  An ancient lich (Vaults:5)
  Bai Suzhen (Crypt:1)
  Vashnia (Snake:2)
  2 golden dragons (Vaults:5)
  Nikola (Vaults:3)
  A tentacled monstrosity (Vaults:5)
  Rupert (D:14)
  2 quicksilver dragons (Snake:4)
  Asterion (Snake:1)
  2 ancient champions
  3 sphinxes
  A tengu reaver (Vaults:5)
  Roxanne (Snake:4)
  A revenant (Crypt:1)
  4 nagarajas
  A fire giant (Vaults:5)
  Donald (Snake:4)
  14 vault wardens
  Aizul (Snake:4)
  2 curse skulls (Crypt:1)
  6 ironbound thunderhulks
  3 stone giants
  4 very ugly things
  3 vampire knights
  33 ironbound preservers
  2 bunyips (Swamp:1)
  A deep elf demonologist (Vaults:4)
  7 dire elephants
  A deep elf annihilator (Vaults:5)
  2 spark wasps (Swamp:1)
  An eidolon (Vaults:2)
  A deep elf death mage (Vaults:2)
  3 crystal guardians
  4 jiangshi (Crypt:1)
  Josephine (Lair:5)
  2 ettins (Vaults:5)
  Harold (D:10)
  6 boulder beetles
  10 hydras
  3 great orbs of eyes
  3 salamander tyrants (Snake:4)
  Fannar (D:10)
  2 peacekeepers
  An ogre mage (D:13)
  4 naga warriors
  5 yaktaur captains
  10 ironbound frosthearts
  37 vault guards
  A quicksilver dragon skeleton (Vaults:4)
  10 centaur warriors
  A ghost crab (Swamp:1)
  Amaemon (Lair:4)
  12 two-headed ogres
  11 anacondas
  A demonspawn (Orc:2)
  2 alligators (Swamp:1)
  A death knight (Crypt:1)
  A vampire mage (Crypt:1)
  6 death yaks (Lair:4)
  4 shock serpents
  9 naga sharpshooters
  5 orc high priests (Orc:2)
  2 sun demons (Orc:2)
  A salamander mystic (Snake:4)
  A shadow wraith (Vaults:5)
  A soul eater (Crypt:1)
  59 deep trolls
  3 goliath frogs (Swamp:1)
  A glowing orange brain (Vaults:3)
  A flayed ghost (Crypt:1)
  11 skeletal warriors
  3 bog bodies
  2 swamp dragons (Swamp:1)
  Lodul (D:13)
  9 orc knights
  5 naga ritualists
  4 phantasmal warriors
  A golden dragon skeleton (Crypt:1)
  8 wizards
  A wolf spider zombie (D:15)
  20 harpies
  9 mana vipers
  2 deep elf pyromancers
  A deep elf zephyrmancer (D:15)
  A shadow dragon zombie (Vaults:4)
  13 lindwurms
  15 ironbound convokers
  An anaconda skeleton (Crypt:2)
  Pikel (D:4)
  4 necromancers
  A frost giant zombie (Crypt:1)
  8 orc sorcerers
  27 ugly things
  7 salamanders
  A sphinx skeleton (Vaults:4)
  3 cyclopes (D:11)
  A fire giant skeleton (Crypt:1)
  30 black mambas
  A jorogumo skeleton (Crypt:2)
  2 manticores
  A tengu skeleton (Vaults:4)
  5 elephants (Lair:4)
  16 vault sentinels
  6 guardian serpents
  11 naga magi
  A torpor snail (Lair:4)
  A gargoyle (D:11)
  An orange demon (Lair:4)
  3 cane toads
  Psyche (D:10)
  11 rime drakes
  A swamp worm zombie (Crypt:1)
  A yaktaur zombie (Vaults:4)
  A yaktaur skeleton (Vaults:4)
  An efreet (D:14)
  10 komodo dragons
  21 yaktaurs
  A pale draconian skeleton (Crypt:1)
  2 freezing wraiths
  2 tengu conjurers (D:14)
  3 polar bears
  3 tyrant leeches (Swamp:1)
  7 trolls
  6 meliai
  Grinder (D:3)
  A bloated husk (Swamp:1)
  4 blink frogs (Lair:5)
  18 slime creatures
  11 dream sheep (Lair:4)
  3 flying skulls (Crypt:1)
  A vampire (D:14)
  A satyr skeleton (Crypt:1)
  3 shadows
  10 wraiths
  53 yaks
  7 wyverns
  A fire elemental (D:11)
  An elf zombie (Vaults:4)
  8 basilisks
  3 hogs
  26 vampire mosquitoes
  A yaktaur simulacrum (Vaults:4)
  A redback simulacrum (D:15)
  3 swamp worms (Swamp:1)
  30 nagas
  A warg (Orc:2)
  An acid dragon (D:12)
  Duvessa (D:4)
  8 water moccasins
  A hornet zombie (D:7)
  3 swamp drakes (Swamp:1)
  35 orc warriors
  2 ice beasts
  4 black bears
  5 necrophages (D:5)
  12 wolves
  12 ogres
  15 centaurs
  A lemure (D:4)
  Blork the orc (D:4)
  2 gnoll sergeants
  13 bullfrogs
  A wyvern zombie (D:6)
  An earth elemental (D:11)
  A water moccasin zombie (Crypt:1)
  A wyvern skeleton (Crypt:1)
  Dowan (D:4)
  4 killer bees (D:9)
  An electric eel (D:9)
  3 howler monkeys (D:9)
  2 bullfrog zombies (D:5)
  A crimson imp (D:8)
  2 centaur zombies
  5 centaur skeletons
  2 hounds
  31 orc priests
  A black bear skeleton (Crypt:1)
  4 iguanas
  Ijyb (D:3)
  Natasha (thrice) (D:4)
  25 orc wizards
  7 hell rats (D:14)
  A hound zombie (D:5)
  A hound skeleton (D:4)
  A howler monkey zombie (D:9)
  11 adders
  7 gnolls
  A howler monkey skeleton (D:7)
  A shadow imp (D:5)
  2 white imps (D:8)
  A worm (D:2)
  3 dart slugs
  90 orcs
  11 endoplasms
  A giant cockroach (D:4)
  9 goblins
  5 hobgoblins
  11 jackals
  2 quokkas (D:2)
  4 ball pythons
  A ball python skeleton (Crypt:1)
  2 bats
  9 frilled lizards
  4 goblin skeletons (D:8)
  3 hobgoblin zombies (D:8)
  4 kobolds
  A kobold skeleton (D:8)
  A kobold zombie (D:8)
  7 rats
  3 bushes (D:5)
1240 creatures vanquished.

Vanquished Creatures (others)
  An ancient champion (Crypt:2)
  A sphinx (shapeshifter) (Vaults:5)
  2 vault wardens
  A stone giant (Vaults:5)
  A yaktaur captain (Vaults:4)
  A hydra (D:14)
  A phantasmal warrior (Vaults:3)
  An orc sorcerer (Orc:2)
  A vault sentinel (Vaults:5)
  A rime drake (Lair:2)
  A cane toad (Lair:3)
  A komodo dragon (Lair:2)
  A bloated husk (Swamp:1)
  A blink frog (Lair:5)
  An air elemental (D:11)
  A yak (D:11)
  A water elemental (D:11)
  A wyvern (D:14)
  A vampire mosquito (Swamp:1)
  A necrophage (D:5)
  A bullfrog (D:6)
  An orc priest (Orc:2)
  An orc wizard (D:9)
  An orc (D:12)
  35 fungi
  112 plants
172 creatures vanquished.

Grand Total: 1412 creatures vanquished

Table legend:
 A = Non-vault XP
 B = Vault XP
 C = Vault XP percentage of total XP
 D = Non-vault monster count
 E = Vault monster count
 F = Vault count percentage of total count
                 A         B        C        D         E       F
            +---------+---------+-------+---------+---------+-------
      Total |  314898 |  220939 |  41.2 |     866 |     388 |  30.9
            +---------+---------+-------+---------+---------+-------
        D:1 |      22 |       0 |   0.0 |      15 |       0 |   0.0
        D:2 |      51 |       7 |  12.1 |      20 |       7 |  25.9
        D:3 |      27 |     331 |  92.5 |       8 |       2 |  20.0
        D:4 |     566 |     913 |  61.7 |      34 |       5 |  12.8
        D:5 |     936 |     565 |  37.6 |      17 |       7 |  29.2
        D:6 |     592 |      99 |  14.3 |       9 |       4 |  30.8
        D:7 |     941 |       8 |   0.8 |      17 |       4 |  19.0
        D:8 |     912 |      57 |   5.9 |      21 |      10 |  32.3
        D:9 |    1002 |     234 |  18.9 |      25 |       4 |  13.8
       D:10 |    3889 |    2129 |  35.4 |      13 |       3 |  18.8
       D:11 |    5914 |     283 |   4.6 |      25 |       2 |   7.4
       D:12 |    2332 |    1237 |  34.7 |      12 |      12 |  50.0
       D:13 |    6701 |    7845 |  53.9 |      24 |      12 |  33.3
       D:14 |    4721 |    6613 |  58.3 |      15 |      24 |  61.5
       D:15 |   12736 |    4845 |  27.6 |      30 |      10 |  25.0
     Lair:1 |    2487 |     859 |  25.7 |       9 |       1 |  10.0
     Lair:2 |    3325 |    1454 |  30.4 |      15 |       2 |  11.8
     Lair:3 |    3865 |     839 |  17.8 |      16 |       4 |  20.0
     Lair:4 |   14657 |    1244 |   7.8 |      38 |       2 |   5.0
     Lair:5 |    8388 |    1945 |  18.8 |      32 |       6 |  15.8
     Lair:6 |    6986 |       0 |   0.0 |      25 |       0 |   0.0
    Swamp:1 |    9377 |    4693 |  33.4 |      20 |      12 |  37.5
    Snake:1 |   20258 |    2634 |  11.5 |      40 |       3 |   7.0
    Snake:2 |    8114 |    4829 |  37.3 |      18 |       4 |  18.2
    Snake:3 |    9028 |       0 |   0.0 |      18 |       0 |   0.0
    Snake:4 |   12890 |   18088 |  58.4 |      25 |      23 |  47.9
      Orc:1 |    5054 |       0 |   0.0 |      44 |       0 |   0.0
      Orc:2 |    2951 |   14456 |  83.0 |      40 |      55 |  57.9
   Vaults:1 |   34860 |   19731 |  36.1 |      47 |      25 |  34.7
   Vaults:2 |   45923 |   23748 |  34.1 |      63 |      29 |  31.5
   Vaults:3 |   22579 |   31403 |  58.2 |      35 |      36 |  50.7
   Vaults:4 |   20990 |   21135 |  50.2 |      29 |      36 |  55.4
   Vaults:5 |   12893 |   45705 |  78.0 |      21 |      43 |  67.2
    Crypt:1 |   25885 |    3010 |  10.4 |      42 |       1 |   2.3
    Crypt:2 |    3046 |       0 |   0.0 |       4 |       0 |   0.0
            +---------+---------+-------+---------+---------+-------

Illustrated notes

Table legend:
 A = Kills in this place as a percentage of kills in entire the game.
 B = Kills by you in this place as a percentage of kills by you in the entire game.
 C = Kills by friends in this place as a percentage of kills by friends in the entire game.
 D = Other kills in this place as a percentage of other kills in the entire game.
 E = Experience gained in this place as a percentage of experience gained in the entire game.
 F = Experience gained in this place divided by the number of levels of this place that you have seen.
                   A       B       C       D       E      F
               +-------+-------+-------+-------+-------+----------------------
         Total | 100.0 | 100.0 |   N/A | 100.0 | 100.0 | 15309.6
       Dungeon |  31.2 |  31.4 |   N/A |  16.7 |  12.4 | 4433.9
          Lair |  12.0 |  11.8 |   N/A |  22.2 |   8.6 | 7674.8
         Swamp |   2.6 |   2.5 |   N/A |   5.6 |   2.6 | 14070.0
     Snake Pit |  10.4 |  10.6 |   N/A |   0.0 |  14.2 | 18960.2
  Orcish Mines |  11.1 |  11.1 |   N/A |  11.1 |   4.2 | 11230.5
        Vaults |  29.0 |  28.9 |   N/A |  38.9 |  52.1 | 55793.4
         Crypt |   3.7 |   3.7 |   N/A |   5.6 |   6.0 | 15970.5
               +-------+-------+-------+-------+-------+----------------------

Table legend: (Time is in decaauts)
 A = Elapsed time spent in this place.
 B = Non-inter-level travel time spent in this place.
 C = Inter-level travel time spent in this place.
 D = Time resting spent in this place.
 E = Time spent auto-exploring this place.
 F = Levels seen in this place.
 G = Mean time per level.
                   A        B        C        D        E       F      G
               +--------+--------+--------+--------+--------+-----+--------+
         Total |  34236 |  31390 |   2846 |   4461 |  19479 |  35 |  978.2 |
       Dungeon |  15348 |  13633 |   1715 |   1695 |   8968 |  15 | 1023.2 |
          Lair |   5652 |   5261 |    391 |    621 |   3595 |   6 |  942.0 |
         Swamp |    429 |    385 |     44 |      0 |    202 |   1 |  429.0 |
     Snake Pit |   4634 |   4292 |    342 |   1180 |   2149 |   4 | 1158.5 |
  Orcish Mines |   2032 |   1981 |     51 |    460 |    888 |   2 | 1016.0 |
        Vaults |   4922 |   4779 |    143 |    290 |   3203 |   5 |  984.4 |
         Crypt |   1216 |   1058 |    158 |    214 |    472 |   2 |  608.0 |
               +--------+--------+--------+--------+--------+-----+--------+

Top non-repeatable levels by time:
 Snake:4: 2066 daAuts
     D:4: 1712 daAuts
   Orc:2: 1458 daAuts
Vaults:4: 1367 daAuts
Vaults:3: 1287 daAuts
Vaults:2: 1279 daAuts
     D:9: 1229 daAuts
    D:11: 1229 daAuts
  Lair:4: 1222 daAuts
 Crypt:1: 1168 daAuts
    D:13: 1158 daAuts
  Lair:3: 1114 daAuts
     D:3: 1113 daAuts
    D:15: 1099 daAuts
    D:14: 1088 daAuts
